 Dungeon Crawl Stone Soup version 0.32-a0-872-g59262bdc9b (webtiles) character file.

Game seed: 16821460788346595280

75333 oldriver the Warrior (level 15, -15/178 HPs)
             Began as an Oni Shapeshifter on Mar 30, 2024.
             Was a High Priest of Yredelemnul.
             Killed by an exploding centaur warrior (39 damage)
             ... ignited by their inner flame
             ... on level 13 of the Dungeon.
             The game lasted 00:54:19 (21662 turns).

oldriver the Warrior (Oni Shapeshifter)            Turns: 21662, Time: 00:54:24

Health: -15/178    AC: 10    Str: 34    XL:     15   Next: 49%
Magic:  19/24      EV: 15    Int: 14    God:    Yredelemnul [*****.]
Gold:   1828       SH:  0    Dex:  8    Spells: 14/14 levels left

rFire   . . .        d - +2 dire flail (heavy)
rCold   + . .        (shield currently unavailable)
rNeg    + . .        m - +2 robe of Chimes {rCorr}
rPois   .            c - +2 hat {Int+3}
rElec   .            p - +1 cloak of Fortitude {rC+ rN+ Slay+2 Stlth-}
rCorr   +            (gloves unavailable)
SInv    .            (boots unavailable)
Will    +....        o - amulet of regeneration Stlth
                     E - +5 ring of evasion
HPRegen 1.29/turn    h - +6 ring of strength
MPRegen 0.19/turn

%: no passive effects
@: wreathed by umbra
A: large, unfitting armour, horns 1, tough skin 1, double potion healing,
drunken brawling
a: Renounce Religion, Light the Black Torch, Recall Undead Harvest, Hurl
Torchlight, Bind Soul, Fathomless Shackles


You were on level 13 of the Dungeon.
You worshipped Yredelemnul.
Yredelemnul was pleased with you.
You visited 3 branches of the dungeon, and saw 20 of its levels.

You collected 2003 gold pieces.
You spent 175 gold pieces at shops.

Inventory:

Hand Weapons
 d - a +2 heavy dire flail (weapon)
Missiles
 e - a throwing net
 r - 21 boomerangs (quivered)
 v - 11 large rocks
 x - 25 poisoned darts
 H - 4 curare-tipped darts
Armour
 c - a +2 hat of intelligence (worn)
 m - the +2 robe of Chimes (worn) {rCorr}
   (You found it on level 7 of the Dungeon)

   rCorr:     It protects you from acid and corrosion.
 p - the +1 cloak of Fortitude (worn) {rC+ rN+ Slay+2 Stlth-}
   (You acquired it on level 3 of the Lair of Beasts)

   Slay+2:    It affects your accuracy & damage with ranged weapons and melee
   (+2).
   rC+:       It protects you from cold.
   rN+:       It protects you from negative energy.
   Stlth-:    It makes you less stealthy.
Jewellery
 h - a +6 ring of strength (right hand)
 o - an amulet of regeneration (around neck)
 E - a +5 ring of evasion (left hand)
Wands
 a - a wand of light (2)
 f - a wand of warping (14)
 g - a wand of flame (4)
 j - a wand of charming (8)
 u - a wand of polymorph (18)
 J - a wand of digging (4)
Scrolls
 b - 4 scrolls of amnesia
 l - 3 scrolls of poison
 s - 2 scrolls of immolation
 y - a scroll of enchant weapon
 z - 6 scrolls of teleportation
 G - 3 scrolls of fog
 O - a scroll of brand weapon
Potions
 i - 2 potions of attraction
 k - 5 potions of haste
 q - 4 potions of might
 t - 4 potions of curing
 w - 3 potions of brilliance
 A - a potion of berserk rage
 B - 3 potions of invisibility
 C - 6 potions of lignification
 F - a potion of mutation {unknown}
 I - 2 potions of magic
 K - 2 potions of enlightenment
 L - 2 potions of heal wounds


   Skills:
 + Level 18.7 Fighting
 * Level 12.2 Maces & Flails
 - Level 12.0 Throwing
 - Level 8.0 Armour
 + Level 8.1 Dodging
 - Level 2.6 Unarmed Combat
 + Level 12.1 Invocations
 - Level 3.0 Shapeshifting


You had 14 spell levels left.
You didn't know any spells.
Your spell library contained the following spells:

 Spells                   Type           Power      Damage    Failure   Level
 Apportation              Tloc           0%         N/A       28%         1
 Freeze                   Ice            0%         1d3       28%         1
 Magic Dart               Conj           0%         1d3       28%         1
 Necrotise                Necr           0%         1d4       28%         1
 Sting                    Conj/Alch      0%         1d3       28%         1
 Summon Small Mammal      Summ           0%         N/A       28%         1
 Cigotuvi's Dreadful Rot  Necr/Alch/Air  0%         N/A       41%         2
 Searing Ray              Conj           0%         2d4       41%         2
 Static Discharge         Conj/Air       0%         3-3/arc   41%         2
 Frozen Ramparts          Ice            0%         1d1       65%         3
 Hailstorm                Conj/Ice       0%         3d5       65%         3
 Inner Flame              Hex/Fire       0%         N/A       65%         3
 Sigil of Binding         Hex            0%         N/A       65%         3
 Teleport Other           Tloc           0%         N/A       65%         3
 Tukima's Dance           Hex            0%         N/A       65%         3
 Airstrike                Air            0%         2d(0-16)  96%         4
 Cause Fear               Hex            0%         N/A       96%         4
 Fulminant Prism          Conj/Alch      0%         3d5       96%         4
 Ignite Poison            Fire/Alch      0%         N/A       96%         4
 Passage of Golubria      Tloc           0%         N/A       96%         4
 Summon Lightning Spire   Summ/Air       0%         N/A       96%         4
 Freezing Cloud           Conj/Ice/Air   0%         6-21      100%        5
 Irradiate                Conj/Alch      0%         3d11      100%        5
 Yara's Violent Unravell  Hex/Alch       0%         3d3       100%        5
 Conjure Ball Lightning   Conj/Air       0%         3x3d6     100%        6
 Dispersal                Tloc           0%         N/A       100%        6
 Gell's Gavotte           Tloc           0%         2d(11-16) 100%        6
 Discord                  Hex            0%         N/A       100%        8
 Disjunction              Tloc           0%         N/A       100%        8
 Ignition                 Fire           0%         3d3       100%        8


Dungeon Overview and Level Annotations

Branches:
Dungeon (13/15)            Temple (0/1) D:6            Lair (5/5) D:11
  Swamp (0/4) Lair:2       Spider (0/4) Lair:2        Slime (0/5) Lair:4
    Orc (2/2) D:11            Elf (0/3) Orc:2        Vaults (0/5) D:13

Altars:
Ashenzari
Cheibriados
Fedhas
Gozag
Kikubaaqudgha
Nemelex Xobeh
Ru
Yredelemnul
The Shining One
Beogh
Jiyva

Shops:
Orc:2 ([*:

Annotations:
D:2 1 runed translucent door, Crazy Yiuf
D:8 6 runed translucent doors
D:9 4 transporters
D:13 Rupert
Lair:4 1 runed translucent door
Lair:5 exclusion: oklob plant
Abyss:1 Amaemon


Innate Abilities, Weirdness & Mutations

You are too large for most types of armour.
You have a pair of small horns on your head.
You have tough skin. (AC +1)
You gain doubled healing and magic from potions.
Whenever you drink a healing potion, you attack all around you.


Message History

As you read the scroll of torment, it crumbles to dust.
Your body is wracked with pain!
* * * LOW HITPOINT WARNING * * *
The human convulses!
The centaur warrior convulses!
Rupert convulses!
The human convulses! x3
Rupert rages.
The centaur warrior unwields a +0 orcbow.
The centaur warrior misses you. The centaur warrior kicks you.
* * * LOW HITPOINT WARNING * * *
Your human zombie hits the centaur warrior but does no damage.
The human hits your human zombie.
Okay, then.
Okay, then.
As you read the scroll of immolation, it crumbles to dust.
The creatures around you are filled with an inner flame!
The centaur warrior hits you!
* * * LOW HITPOINT WARNING * * *
The centaur warrior closely misses you.
Rupert hits your human zombie with a +1 great mace of protection!!
Flame seeps out of your human zombie. The human hits your human zombie.
Flame seeps out of your human zombie.
Your human zombie is engulfed in blazing flames.
Your human zombie explodes!
The fiery explosion engulfs Rupert!!
Flame seeps out of Rupert.
Rupert is severely wounded.
The fiery explosion engulfs the human!!
Their soul becomes fuel for the torch.
The fiery explosion engulfs you!
* * * LOW HITPOINT WARNING * * *
The fiery explosion engulfs the centaur warrior!!
Their soul becomes fuel for the torch.
A black mist starts to gather...
The centaur warrior explodes!
The fiery explosion engulfs Rupert!!!
Flame seeps out of Rupert.
Rupert is almost dead.
The fiery explosion engulfs the human!!!
Their soul becomes fuel for the torch.
The fiery explosion engulfs you!!!
You die...
Your body rises from the dead as a mindless zombie. .p.....# ... ......# p. ..p$.# .. .ppp# . #ppp#

#. #. #.p#
#.##.##§##
#.....@§###
#.....§○@.#
#.##.##§#Z# ..
#.##....#.#
#...#....#..#.#
#...#.......#.#
##.##..........#
#..##.......####
##..##.......#
##...####...###


You could see Rupert (berserk, inner flame, soul-gripped, blind, unable to see
you, ally target), 3 humans and a friendly spectral centaur warrior.

Vanquished Creatures
  An orc warlord (Orc:1)
  A ghost crab (Lair:2)
  4 hydras (Lair:5)
  A boulder beetle (D:10)
  4 two-headed ogres
  2 centaur warriors
  A tengu warrior (D:13)
  3 death yaks
  4 orc high priests
  Sonja (Lair:3)
  4 skeletal warriors
  A skyshark (Lair:5)
  A sea snake (Lair:5)
  3 orc knights
  2 harpies (Lair:5)
  A wolf spider (Lair:3)
  An obsidian bat (Orc:2)
  A phantasmal warrior (Lair:5)
  5 orc sorcerers
  An ugly thing (D:12)
  3 manticores
  3 elephants
  5 black mambas
  13 cane toads
  The ghost of Rudyous the Apothecary, a novice DsAl of Beogh (D:5)
  A kobold demonologist (D:12)
  An unseen horror (D:12)
  4 komodo dragons
  2 rime drakes (Orc:2)
  2 trolls
  Grinder (D:3)
  2 polar bears (Lair:5)
  A wind drake (Lair:5)
  2 hornets
  5 dream sheep
  3 blink frogs (Lair:3)
  2 culicivoras (Lair:2)
  A jumping spider (D:8)
  A vampire (D:9)
  6 humans (D:13)
  5 wyverns
  17 yaks
  4 basilisks
  4 steam dragons
  3 wargs
  A redback (D:8)
  7 vampire mosquitoes (D:12)
  14 water moccasins
  3 ice beasts
  21 orc warriors
  5 black bears
  9 wolves
  2 ogres
  4 lemures (D:8)
  11 centaurs
  A spectral basilisk (Lair:2)
  A phantom (D:5)
  7 bullfrogs
  A spectral water moccasin (Lair:2)
  2 gnoll sergeants
  2 scorpions
  6 wights
  2 killer bees (D:9)
  3 bombardier beetles
  4 quasits (D:5)
  19 orc priests
  3 jellies
  A human zombie (D:13)
  2 gnoll boudas (D:5)
  3 hounds
  3 iguanas
  Terence (D:3)
  23 orc wizards
  3 hell rats (D:7)
  18 gnolls
  12 adders
  6 river rats (D:7)
  4 ufetubi
  3 dart slugs
  5 ribbon worms (D:2)
  47 orcs
  5 ball pythons
  4 bats
  8 endoplasms
  2 giant cockroaches
  10 goblins
  5 hobgoblins
  7 jackals (D:2)
  17 kobolds
  9 quokkas
  20 rats
480 creatures vanquished.

Vanquished Creatures (collateral kills)
  A dire elephant (Lair:5)
  A catoblepas (D:13)
  A merfolk avatar (Lair:5)
  5 death yaks
  An orc high priest (Orc:1)
  3 skeletal warriors
  2 skysharks (Lair:5)
  A sea snake (Lair:5)
  A lindwurm (Lair:5)
  Pikel (D:8)
  An orc knight (D:13)
  An ugly thing (D:11)
  2 kobold blastminers (Orc:2)
  5 elephants
  A torpor snail (Lair:5)
  A gargoyle (D:11)
  An orange demon (Lair:2)
  2 cane toads
  A rime drake (Lair:3)
  4 komodo dragons
  A troll (Orc:1)
  A blink frog (Lair:5)
  3 polar bears
  A snapping turtle (Lair:5)
  6 dream sheep
  A shadow (D:10)
  A vampire (D:11)
  2 wyverns
  15 yaks
  2 humans (D:13)
  A basilisk (Lair:5)
  Menkaure (D:6)
  A vampire mosquito (D:12)
  3 water moccasins
  2 ice beasts (D:6)
  2 orc warriors
  A sky beast (D:7)
  2 black bears
  A wolf (Lair:3)
  A spectral rime drake (Lair:2)
  2 centaurs
  3 kobold brigands
  3 bullfrogs
  A jelly (D:6)
  4 wights
  2 killer bees (D:9)
  3 howler monkeys (D:11)
  2 orc priests
  2 hounds
  A sleepcap (D:6)
  3 orc wizards
  2 gnolls
  A shadow imp (D:7)
  17 orcs
  A quokka (D:7)
  9 kobolds
  2 rats (D:7)
  A butterfly (Lair:3)
143 creatures vanquished.

Vanquished Creatures (others)
  2 ugly thing zombies
  A catoblepas zombie (D:13)
  An unseen horror zombie (D:12)
  A sea snake zombie (Lair:5)
  A hydra zombie (Lair:5)
  A culicivora zombie (Lair:2)
  2 black mamba zombies (Lair:5)
  2 two-headed ogre zombies
  2 cane toad zombies
  A spectral human (Orc:2)
  A sky beast (D:7)
  2 dream sheep zombies (Lair:5)
  2 hornet zombies
  3 manticore zombies
  A rime drake zombie (Orc:2)
  2 komodo dragon zombies
  A warg zombie (Orc:2)
  A water moccasin zombie (D:8)
  5 yak zombies
  A troll zombie (D:11)
  3 human zombies (D:13)
  5 centaur zombies
  A basilisk zombie (D:11)
  5 bullfrog zombies
  3 black bear zombies
  An orc priest (Orc:2)
  An orc wizard (Orc:2)
  2 ice beast zombies (D:6)
  An ogre zombie (Orc:2)
  A hound zombie (D:5)
  A howler monkey zombie (D:11)
  A steam dragon zombie (D:8)
  2 iguana zombies (D:6)
  A jelly zombie (D:8)
  A spectral shadow imp (D:7)
  9 gnoll zombies
  A goblin zombie (D:4)
  A hobgoblin zombie (D:4)
  2 kobold zombies
  52 orc zombies
  2 rat zombies (D:7)
  A river rat zombie (D:7)
130 creatures vanquished.

Grand Total: 753 creatures vanquished

Notes
Turn   | Place    | Note
-------+----------+-------------------------------------------
     0 | D:1      | oldriver the Oni Shapeshifter began the quest for the Orb.
     0 | D:1      | Reached XP level 1. HP: 19/19 MP: 1/1
    45 | D:1      | Reached skill level 2 in Fighting
   130 | D:1      | Reached XP level 2. HP: 4/29 MP: 2/2
   287 | D:1      | Reached skill level 3 in Fighting
   713 | D:1      | Reached XP level 3. HP: 39/39 MP: 3/3
   786 | D:1      | Reached skill level 4 in Fighting
  1060 | D:2      | Reached skill level 5 in Fighting
  1060 | D:2      | Reached XP level 4. HP: 50/50 MP: 4/4
  1294 | D:2      | Reached skill level 6 in Fighting
  1344 | D:2      | Identified the +5 whip of the Dead {freeze, rN+ Int+2
                  | Dex+2}
  1420 | D:2      | Reached XP level 5. HP: 58/59 MP: 5/5
  1921 | D:2      | Found a runed translucent door.
  1922 | D:2      | Noticed Crazy Yiuf
  1982 | D:3      | Reached skill level 1 in Maces & Flails
  2173 | D:3      | Found a faded altar of an unknown god.
  2175 | D:3      | Noticed Terence
  2190 | D:3      | Killed Terence
  2721 | D:3      | Noticed Grinder
  2740 | D:3      | Paralysed by Grinder for 3 turns
  2748 | D:3      | Killed Grinder
  2749 | D:3      | Reached skill level 7 in Fighting
  2749 | D:3      | Reached XP level 6. HP: 21/71 MP: 6/6
  3352 | D:4      | Reached XP level 7. HP: 75/78 MP: 7/7
  3437 | D:4      | Found a blossoming altar of Fedhas.
  3444 | D:4      | Found a broken altar of Ashenzari.
  3447 | D:4      | Found a basalt altar of Yredelemnul.
  3447 | D:4      | Found a sacrificial altar of Ru.
  3459 | D:4      | Became a worshipper of Yredelemnul the Fallen
  3462 | D:4      | Found a snail-covered altar of Cheibriados.
  4242 | D:5      | Entered Level 5 of the Dungeon
  4242 | D:5      | Found a transporter.
  4247 | D:5      | Noticed Rudyous's ghost (novice DsAl)
  4354 | D:5      | Reached skill level 1 in Throwing
  4354 | D:5      | Reached XP level 8. HP: 32/88 MP: 8/8
  4443 | D:5      | Reached * piety under Yredelemnul
  4444 | D:5      | Reached skill level 5 in Maces & Flails
  4483 | D:5      | Reached skill level 8 in Fighting
  4490 | D:5      | Reached skill level 1 in Invocations
  4684 | D:5      | Found a transporter.
  4941 | D:6      | Found a staircase to the Ecumenical Temple.
  5184 | D:6      | Reached XP level 9. HP: 93/97 MP: 11/11
  5239 | D:6      | Reached skill level 9 in Fighting
  5377 | D:6      | Noticed Menkaure
  5385 | D:6      | Killed Menkaure
  5835 | D:7      | Identified the +2 robe of Chimes {rCorr}
  6441 | D:7      | Found a glowing golden altar of the Shining One.
  6477 | D:7      | Reached skill level 5 in Invocations
  6484 | D:7      | Reached ** piety under Yredelemnul
  6569 | D:7      | Reached skill level 10 in Fighting
  6590 | D:7      | Reached XP level 10. HP: 79/109 MP: 13/13
  6705 | D:7      | Reached *** piety under Yredelemnul
  7148 | D:8      | Noticed a two-headed ogre
  7155 | D:8      | Killed a two-headed ogre
  7156 | D:8      | Reached skill level 5 in Throwing
  7226 | D:8      | Noticed Maurice
  7231 | D:8      | Maurice changed into Maurice the water moccasin
  7231 | D:8      | Noticed Maurice
  7238 | D:8      | Killed Maurice the water moccasin
  7247 | D:8      | Got the Handbook of Signs
  7417 | D:8      | Found a sparkling altar of Nemelex Xobeh.
  7514 | D:8      | Found an opulent altar of Gozag.
  7533 | D:8      | Noticed Pikel
  7556 | D:8      | Killed Pikel
  7622 | D:8      | Found a runed translucent door.
  7716 | D:8      | Your ally Maurice died
  7927 | D:8      | Found a runed translucent gate.
  8002 | D:8      | Noticed a boulder beetle
  8003 | D:8      | Found a runed translucent gate.
  8004 | D:8      | Found a runed translucent gate.
  8004 | D:8      | Found a runed translucent gate.
  8004 | D:8      | Found a runed translucent gate.
  8004 | D:8      | Noticed a lindwurm
  8004 | D:8      | Noticed a boulder beetle
  8091 | D:8      | Found a runed translucent gate.
  8275 | D:9      | Reached skill level 11 in Fighting
  8661 | D:9      | Noticed a two-headed ogre
  8665 | D:9      | Killed a two-headed ogre
  8666 | D:9      | Reached skill level 1 in Armour
  8666 | D:9      | Reached XP level 11. HP: 120/120 MP: 11/16
  8743 | D:9      | Reached skill level 10 in Maces & Flails
  8877 | D:9      | Found a transporter.
  9082 | D:9      | Found a transporter.
  9276 | D:9      | Found a transporter.
  9293 | D:9      | Found a transporter.
  9407 | D:10     | Entered Level 10 of the Dungeon
  9566 | D:10     | Reached **** piety under Yredelemnul
 10859 | D:5      | Killed Rudyous's ghost
 10868 | D:5      | Identified the +5 dagger "Giantslayer" {freeze, rElec rCorr
                  | Dex-4 SInv}
 11191 | D:11     | Noticed a skeletal warrior
 11219 | D:11     | Killed a skeletal warrior
 11220 | D:11     | Reached skill level 5 in Dodging
 11350 | D:11     | Noticed a skeletal warrior
 11459 | D:11     | Noticed a boulder beetle
 11463 | D:11     | Reached skill level 12 in Fighting
 11464 | D:11     | Noticed a green ugly thing
 11486 | D:11     | Noticed a two-headed ogre
 11488 | D:11     | Noticed a skeletal warrior
 11490 | D:11     | Killed a green ugly thing
 11514 | D:11     | Killed a two-headed ogre
 11516 | D:11     | Noticed a skeletal warrior
 11664 | D:10     | Killed a boulder beetle
 11665 | D:10     | Reached XP level 12. HP: 95/133 MP: 18/18
 12067 | D:11     | Found a staircase to the Lair.
 12153 | D:11     | Found a staircase to the Orcish Mines.
 12465 | D:12     | Found an ancient bone altar of Kikubaaqudgha.
 12673 | D:12     | Noticed a centaur warrior
 12747 | D:12     | Killed a centaur warrior
 12881 | D:12     | Reached skill level 13 in Fighting
 12968 | D:12     | HP: 5/136 [skeletal warrior/+1 glaive of protection (27)]
 12976 | D:12     | HP: 5/136 [skeletal warrior/+1 glaive of protection (17)]
 13235 | D:12     | Identified the amulet of Gumm {Rampage +Blink Fly RegenMP+
                  | Int-4}
 13343 | D:12     | Noticed Psyche
 13352 | D:12     | Killed Psyche
 13352 | D:12     | Bound Psyche
 13760 | Lair:1   | Entered Level 1 of the Lair of Beasts
 13953 | Lair:1   | Reached XP level 13. HP: 144/144 MP: 20/20
 14238 | Lair:1   | Found a dark tunnel.
 14247 | Lair:1   | Reached skill level 10 in Invocations
 14868 | Lair:2   | Noticed Amaemon
 14876 | Lair:2   | Banished Amaemon
 14877 | Lair:2   | Reached skill level 14 in Fighting
 14972 | Lair:2   | Found a hole to the Spider Nest.
 15210 | Lair:2   | Reached ***** piety under Yredelemnul
 15236 | Lair:2   | Found a staircase to the Swamp.
 15742 | Lair:3   | Noticed Sonja
 15749 | Lair:3   | Killed Sonja
 16221 | Lair:3   | Identified a scroll of acquirement
 16221 | Lair:3   | Acquired the +1 cloak of Fortitude {rC+ rN+ Slay+2 Stlth-}
 16287 | Lair:4   | Reached skill level 10 in Throwing
 16462 | Lair:4   | Reached skill level 15 in Fighting
 16478 | Lair:4   | Reached XP level 14. HP: 112/159 MP: 22/22
 16665 | Lair:4   | Found a runed translucent door.
 16666 | Lair:4   | Found a viscous altar of Jiyva.
 16979 | Lair:4   | Found a staircase to the Slime Pits.
 16979 | Lair:4   | Noticed an azure jelly
 17229 | Lair:5   | Entered Level 5 of the Lair of Beasts
 17422 | Lair:5   | Reached skill level 16 in Fighting
 17522 | Lair:5   | Reached skill level 5 in Armour
 17742 | Lair:5   | Noticed a dire elephant
 17754 | Lair:5   | Killed a dire elephant
 18137 | Lair:5   | Reached skill level 17 in Fighting
 18571 | Lair:5   | Found a runed translucent door.
 18720 | Lair:5   | Identified the staff "Zelolia" {rPois MP+9 Summ Alchemy}
 18838 | Orc:1    | Entered Level 1 of the Orcish Mines
 18882 | Orc:1    | Reached XP level 15. HP: 163/174 MP: 24/24
 19305 | Orc:2    | Entered Level 2 of the Orcish Mines
 19403 | Orc:2    | Found a roughly hewn altar of Beogh.
 19449 | Orc:2    | Found a frozen archway.
 19458 | Orc:2    | Reached ****** piety under Yredelemnul
 19471 | Orc:2    | Your ally Psyche died
 19621 | Orc:2    | Noticed an orc warlord
 19663 | Orc:2    | HP: 2/175 [sun demon[an orc high priest] (16)]
 19920 | Orc:1    | Killed an orc warlord
 20155 | Orc:2    | Reached skill level 18 in Fighting
 20914 | Orc:2    | Found Vomem's Antique Armour Emporium.
 20915 | Orc:2    | Found Ystrawk's Antique Weapon Emporium.
 20917 | Orc:2    | Found Kefa's General Store.
 20917 | Orc:2    | Found Cirphuem's Book Shoppe.
 20932 | Orc:2    | Bought an embroidered hat for 175 gold pieces
 21275 | Orc:2    | Found a staircase to the Elven Halls.
 21629 | D:13     | Found a gate to the Vaults.
 21647 | D:13     | Noticed Rupert
 21662 | D:13     | Killed by an exploding centaur warrior... ignited by their
                  | inner flame

Illustrated notes

Levels and vault maps discovered:
D:1:      minmay_arrival_doors, layout_loops_ring
D:2:      layout_basic, skrybe_limestone_x, minmay_three_crescents,
          uniq_crazy_yiuf_cottage
D:3:      layout_loops_ring, hellmonk_ecumenical_altar_arch_garden,
          eino_tiny_chamber, uniq_grinder, uniq_terence
D:4:      layout_gridville, nicolae_overflow_hallway_of_the_gods,
          serial_bayou_pond_d, hex_tiny, nicolae_concentric_dashed_squares_wild,
          st_stairs_1, glass_columns_a
D:5:      layout_cave_pools, gammafunk_ghost_stat_death
D:6:      kennysheep_steamy, layout_gridville, minmay_temple_entry_glassed_door,
          uniq_menkaure
D:7:      lemuel_ratsnest, layout_loops_corners, mainiacjoe_overflow_paths
D:8:      gammafunk_indiana_jones, layout_basic, lemuel_tele_altar,
          nemelex_xobeh_ov_fountains_minmay, serial_library_hellmonk_hallway_a,
          uniq_maurice, uniq_pikel
D:9:      layout_stronghold, nicolae_diode_intersection
D:10:     layout_stronghold, kennysheep_big_empty_room
D:11:     layout_rooms, due_lair_maze_entry_diamond, minmay_orc_entry_guard_dogs
D:12:     layout_basic, kiku_gazebo_pond_becter, uniq_psyche
D:13:     minmay_the_grid_plus_closed [minmay_the_grid_dragon_a,
          minmay_the_grid_x, minmay_the_grid_garden, minmay_the_grid_rooms,
          minmay_the_grid_prize_four_corners_diamond_b], layout_loops_cross,
          david_vaults_3, uniq_lodul
Lair:1:   layout_roguey, nicolae_volcano_entry_hallway, lemuel_fruit_tree,
          infiniplex_staircase_pool_2
Lair:2:   layout_roguey, nicolae_swamp_entry_spooky,
          hellmonk_spider_entry_life_and_decay, chequers_serial_rivers_micro_b,
          grunt_megastairs_4, infiniplex_staircase_pool, uniq_amaemon
Lair:3:   layout_big_grid, nicolae_lair_run_with_the_wolves,
          lemuel_fruit_fields, uniq_sonja
Lair:4:   layout_roguey, slime_entry_2, serial_bayou_shore_b
Lair:5:   gammafunk_lair_ancient_temple, layout_small_grid,
          minmay_lair_oklob_bushes, pdpol_lair_cabin_in_the_woods,
          serial_bayou_shore_b
Orc:1:    layout_caves, nicolae_orc_rockfall
Orc:2:    st_orc_congregation, layout_caves, basic_altar, portal_ice_cave_rime

Skill      XL: |  1  2  3  4  5  6  7  8  9 10 11 12 13 14 15 |
---------------+----------------------------------------------+-----
Fighting       | 2 3 5 6 7 8 10 11 12 13 15 17 18 | 18.7
Maces & Flails | 3 4 6 8 9 11 12 | 12.2
Dodging        | 2 3 4 5 6 8 |  8.1
Throwing       | 1 3 4 6 7 8 10 12 | 12.0
Invocations    | 3 5 7 8 9 11 12 | 12.1
Armour         | 1 2 3 4 6 8 |  8.0
Unarmed Combat | |  2.6
Shapeshifting  | |  3.0

Action                     |  1- 3 |  4- 6 |  7- 9 | 10-12 | 13-15 || total
---------------------------+-------+-------+-------+-------+-------++-------
  Melee: Unarmed           |    83 |    74 |       |       |       ||   157
         Headbutt          |     5 |    13 |    42 |   163 |   215 ||   438
         Punch             |       |     5 |       |       |       ||     5
         Whip              |       |    51 |   216 |   692 |   828 ||  1787
         Dire flail        |       |       |       |       |    20 ||    20
  Throw: Boomerang         |       |       |    22 |    50 |    24 ||    96
         Large rock        |       |       |       |     6 |     5 ||    11
 Invoke: Light the Black T |       |       |     4 |     6 |     7 ||    17
         Hurl Torchlight   |       |       |       |     6 |     5 ||    11
         Recall Undead Har |       |       |       |     3 |       ||     3
         Bind Soul         |       |       |       |     1 |     1 ||     2
  Evoke: Wand              |       |       |       |    15 |     3 ||    18
    Use: Potion            |     1 |     1 |       |     5 |     2 ||     9
         Scroll            |       |       |    15 |    10 |    10 ||    35
   Stab: Sleeping          |       |     1 |       |       |       ||     1
         Distracted        |       |       |     1 |     1 |     3 ||     5
 Armour: Animal skin       |    40 |   164 |   159 |    25 |       ||   388
         Skin              |     2 |       |       |       |       ||     2
         Robe              |       |       |       |   426 |   415 ||   841
  Dodge: Dodged            |    34 |    93 |   122 |   443 |   509 ||  1201
         Form:             |       |       |       |     1 |       ||     1

Table legend: (Time is in decaauts)
 A = Elapsed time spent in this place.
 B = Non-inter-level travel time spent in this place.
 C = Inter-level travel time spent in this place.
 D = Time resting spent in this place.
 E = Time spent auto-exploring this place.
 F = Levels seen in this place.
 G = Mean time per level.
                   A        B        C        D        E       F      G
               +--------+--------+--------+--------+--------+-----+--------+
         Total |  20913 |  19310 |   1603 |   2250 |  12231 |  20 | 1045.7 |
       Dungeon |  13644 |  12407 |   1237 |   1323 |   8022 |  13 | 1049.5 |
          Lair |   4765 |   4574 |    191 |    192 |   3275 |   5 |  953.0 |
  Orcish Mines |   2503 |   2329 |    174 |    735 |    934 |   2 | 1251.5 |
               +--------+--------+--------+--------+--------+-----+--------+

Top non-repeatable levels by time:
    D:10: 1690 daAuts
  Lair:5: 1461 daAuts
   Orc:1: 1374 daAuts
     D:3: 1338 daAuts
     D:7: 1271 daAuts
    D:12: 1229 daAuts
     D:9: 1190 daAuts
   Orc:2: 1129 daAuts
     D:2: 1108 daAuts
     D:8: 1095 daAuts
     D:6: 1030 daAuts
    D:11: 999 daAuts
  Lair:2: 996 daAuts
     D:1: 965 daAuts
  Lair:4: 935 daAuts
